 Dungeon Sprint DCSS version 0.26-a0-712-ga5a9c9c9d0 (webtiles) character file.

Game seed: 1425845384433153950

2968 TerrariaFan the Fighter (level 9, -9/65 HPs)
             Began as a Gargoyle Monk on Oct 31, 2020.
             Was the Champion of the Shining One.
             Killed from afar by an efreet (13 damage)
             ... with a bolt of fire
             ... in the Dungeon (Sprint V: "Ziggurat Sprint").
             The game lasted 00:04:23 (433 turns).

TerrariaFan the Fighter (Gargoyle Monk)              Turns: 433, Time: 00:04:23

Health: -9/65      AC: 32    Str: 17    XL:     9   Next: 82%
Magic:  10/12      EV:  1    Int: 12    God:    the Shining One [******]
Gold:   0          SH: 29    Dex: 12    Spells: 8/8 levels left

rFire    . . .     SeeInvis .   G - +7 Screaming Sword {vorpal, sonic wave}
rCold    . . .     Faith    .   F - +18 shield of the Gong {rElec rN+ MR+ EV-5}
rNeg     + + +     Spirit   .   E - +15 Maxwell's patent armour {-Cast -Tele rElec MR+ rCorr}
rPois    ∞         Reflect  .   (no helmet)
rElec    +         Harm     .   (no cloak)
rCorr    +         Rampage  .   (no gloves)
MR       ++...     NoTele   +   (no boots) Stlth ..........NoCast +
                                (no amulet)
HPRegen  0.20/turn              (no ring)
MPRegen  0.13/turn              (no ring)

@: glowing
A: negative energy resistance 1, electricity resistance, unbreathing,
petrification resistance, rot immunity, AC +6
a: Divine Shield, Cleansing Flame, Summon Divine Warrior, Brand Weapon With Holy
Wrath, Renounce Religion


You were in the Dungeon.
You worshipped the Shining One.
The Shining One was exalted by your worship.
You visited 1 branch

Inventory:

Hand Weapons
 a - a +0 mace
 G - the +7 Screaming Sword (weapon) {vorpal, sonic wave}
   (You found it in the Dungeon)

   It inflicts extra damage upon your enemies.
Armour
 b - a +0 robe
 E - the +15 Maxwell's patent armour (worn) {-Cast -Tele rElec MR+ rCorr}
   (You found it in the Dungeon)

   It insulates you from electricity.
   It affects your resistance to hostile enchantments.
   It prevents spellcasting.
   It prevents most forms of teleportation.
   It provides partial protection from all sources of acid and corrosion.
 F - the +18 shield of the Gong (worn) {rElec rN+ MR+ EV-5}
   (You found it in the Dungeon)

   It affects your evasion (-5).
   It insulates you from electricity.
   It protects you from negative energy.
   It affects your resistance to hostile enchantments.
Jewellery
 x - an uncursed ring of flight
 y - a +6 ring of dexterity
 z - a +6 ring of dexterity
 A - a +6 ring of intelligence
 B - a +6 ring of intelligence
 C - a +6 ring of strength
 D - a +6 ring of strength
 H - the amulet "Hiolopasep" {Faith rElec Int+4}
   (You found it in the Dungeon)

   [amulet of faith]

   It allows you to gain divine favour quickly.
   It affects your intelligence (+4).
   It insulates you from electricity.
 J - an uncursed ring of fire
Wands
 u - a wand of disintegration (7)
 v - a wand of iceblast (7)
 w - a wand of acid (7)
Scrolls
 h - 4 scrolls of blinking
 o - 4 scrolls of amnesia
 p - 7 scrolls of fog
 q - a scroll of holy word
 r - 5 scrolls of identify
 s - 5 scrolls of remove curse
 t - 2 scrolls of fear
Potions
 c - 10 potions of curing
 d - 10 potions of heal wounds
 e - 6 potions of haste
 f - 7 potions of magic
 g - 3 potions of berserk rage
 i - 2 potions of brilliance
 j - 2 potions of invisibility
 k - 4 potions of resistance
 l - a potion of experience
 m - 5 potions of stabbing
 n - 5 potions of might
Miscellaneous
 I - a box of beasts (3/3)


   Skills:
 + Level 11.9 Fighting
 + Level 8.7 Long Blades
 + Level 9.8 Maces & Flails
 + Level 3.4 Armour
 + Level 7.4 Dodging
 + Level 5.6 Stealth
 + Level 10.5 Shields
 * Level 4.1 Invocations
 - Level 0.4 Evocations


You had 8 spell levels left.
You didn't know any spells.
Your spell library contained the following spells:

 Spells                   Type           Power        Failure   Level
 Freeze                   Ice            #...         100%        1
 Passwall                 Tmut/Erth      #.......     100%        2
 Frozen Ramparts          Ice            #.....       100%        3
 Metabolic Englaciation   Hex/Ice        #.........   100%        5
 Ozocubu's Refrigeration  Ice            #.........   100%        6


Dungeon Overview and Level Annotations

Branches:
Dungeon (1/1)

Altars:
Ashenzari
Cheibriados
Dithmenos
Elyvilon
Fedhas
Gozag
Hepliaklqana
Kikubaaqudgha
Makhleb
Nemelex Xobeh
Okawaru
Qazlal
Ru
Sif Muna
Trog
Uskayaw
Vehumet
Wu Jian
Xom
Yredelemnul
Zin
The Shining One
Beogh
Jiyva
Lugonu

Annotations:
D 1 transporter


Innate Abilities, Weirdness & Mutations

You are resistant to torment.
Your stone body is resilient. (AC +6)
You are immune to poison.
You resist negative energy. (rN+)
You are resistant to electric shocks. (rElec)
You can survive without breathing.
You are immune to petrification.
You are immune to rotting.


Message History

You block the efreet's attack.
GONNNNG!
The efreet gestures at you.
The bolt of fire hits the efreet.
The efreet completely resists.
The bolt of fire hits the fire elemental.
The fire elemental completely resists.
The bolt of fire hits you!! The Shining One protects you from harm!
You block the fire elemental's attack.
PANG!
Your divine shield fades away.
The efreet gestures at you.
The bolt of fire hits the fire elemental.
The fire elemental completely resists.
The bolt of fire hits you but does no damage.
You block the fire elemental's attack.
SHROANNG!
Found a transporter.
The efreet gestures at you. The bolt of fire hits you!
You die...

▓.▓...▓.▓
▓...©...▓
▓▓▓▓▓▓▓▓▓
▓..8©8..▓
▓.v}")..▓
▓..)[)..▓
▓.......▓
▓.......▓
▓......@▓
▓..v.v.E▓
▓.▓.RR▓○▓
▓...©.○.▓
▓▓▓▓▓▓▓▓▓


You could see 2 efreet, a fire elemental and 3 fire vortices.

Vanquished Creatures
  4 draconians (D)
  A cane toad (D)
  2 komodo dragons (D)
  A hell hound (D)
  A necrophage (D)
  A bullfrog (D)
  3 scorpions (D)
  A wight (D)
  A river rat (D)
  A shadow imp (D)
  An ufetubus (D)
  A bat skeleton (D)
  A bat zombie (D)
  A jackal (D)
20 creatures vanquished.

Vanquished Creatures (collateral kills)
  2 fire elementals (D)
  2 hell hounds (D)
4 creatures vanquished.

Grand Total: 24 creatures vanquished

Notes
Turn   | Place    | Note
-------+----------+-------------------------------------------
     0 | D        | TerrariaFan the Gargoyle Monk began the quest for the Orb.
     0 | D        | Reached XP level 1. HP: 14/14 MP: 1/1
     0 | D        | Found a shimmering blue altar of Sif Muna.
     0 | D        | Found a bloodstained altar of Trog.
     0 | D        | Found a sacrificial altar of Ru.
     0 | D        | Found a stormy altar of Qazlal.
     0 | D        | Found an iron altar of Okawaru.
     1 | D        | Found a sparkling altar of Nemelex Xobeh.
     1 | D        | Found a blossoming altar of Fedhas.
     2 | D        | Found the +6 Majin-Bo {vamp, MP+6 Int+6}
     2 | D        | Found the +9 heavy crossbow "Sniper" {vorpal, Acc+∞ SInv}
     2 | D        | Found the +10 dark maul {vorpal}
     2 | D        | Found the +15 Maxwell's patent armour {-Cast -Tele rElec
                  | MR+ rCorr}
     2 | D        | Found the +18 shield of the Gong {rElec rN+ MR+ EV-5}
     2 | D        | Found the cursed +14 obsidian axe {vorpal, +Fly SInv
                  | *Curse}
     2 | D        | Found the +7 great mace "Firestarter" {inner flame, rF++}
     2 | D        | Found the +6 shillelagh "Devastator" {shatter}
     2 | D        | Found the +11 plutonium sword {*Contam Stlth-}
     2 | D        | Found the +8 lance "Wyrmbane" {slay drac, rPois rF+ rC+
                  | AC+3}
     2 | D        | Found the +9 sword of Zonguldrok {reap}
     2 | D        | Found the cursed +13 scythe of Curses {drain, *Curse}
     2 | D        | Found the +0 sword of Power
     2 | D        | Found the +7 mace of Variability {chain chaos}
     2 | D        | Found the +7 Singing Sword {vorpal, sonic wave}
     2 | D        | Found the +8 storm bow {elec, penet}
     3 | D        | Found a transporter.
     3 | D        | Found an ancient bone altar of Kikubaaqudgha.
     3 | D        | Found a viscous altar of Jiyva.
     3 | D        | Found a corrupted altar of Lugonu.
     3 | D        | Found a hazy altar of Hepliaklqana.
     3 | D        | Found a burning altar of Makhleb.
     3 | D        | Found an opulent altar of Gozag.
    33 | D        | Became a worshipper of the Shining One
    33 | D        | Reached * piety under the Shining One
    33 | D        | Reached ** piety under the Shining One
    89 | D        | Entered arena 2.
    89 | D        | Found a transporter.
    91 | D        | Reached *** piety under the Shining One
    96 | D        | Reached skill level 4 in Fighting
    96 | D        | Reached XP level 2. HP: 20/20 MP: 2/2
    98 | D        | Entered arena 3.
    98 | D        | Noticed a scorpion
    98 | D        | Noticed a scorpion
    98 | D        | Noticed a scorpion
    98 | D        | Found a transporter.
   103 | D        | Killed a scorpion
   103 | D        | Reached skill level 5 in Fighting
   103 | D        | Reached skill level 1 in Long Blades
   103 | D        | Reached skill level 5 in Maces & Flails
   103 | D        | Reached skill level 1 in Shields
   103 | D        | Reached XP level 3. HP: 26/26 MP: 3/3
   103 | D        | Reached XP level 4. HP: 31/31 MP: 4/4
   103 | D        | Reached skill level 6 in Fighting
   109 | D        | Reached skill level 7 in Fighting
   109 | D        | Reached XP level 5. HP: 38/38 MP: 5/5
   111 | D        | Got the amulet "Hiolopasep" {Faith rElec Int+4}
   123 | D        | Entered arena 4.
   123 | D        | Noticed a draconian
   123 | D        | Reached **** piety under the Shining One
   123 | D        | Noticed a draconian
   123 | D        | Noticed a draconian
   123 | D        | Noticed a draconian
   123 | D        | Found a transporter.
   124 | D        | Identified the +10 spear of Currency {speed, rElec rPois}
   126 | D        | Killed a draconian
   126 | D        | Reached skill level 9 in Fighting
   126 | D        | Reached skill level 5 in Long Blades
   126 | D        | Reached XP level 6. HP: 36/47 MP: 6/6
   126 | D        | Reached XP level 7. HP: 40/51 MP: 7/7
   134 | D        | Killed a draconian
   134 | D        | Reached skill level 10 in Fighting
   134 | D        | Reached skill level 5 in Stealth
   134 | D        | Reached skill level 5 in Shields
   134 | D        | Reached XP level 8. HP: 34/58 MP: 8/8
   134 | D        | Killed a draconian
   134 | D        | Killed a draconian
   134 | D        | Reached skill level 11 in Fighting
   134 | D        | Reached skill level 1 in Armour
   134 | D        | Reached XP level 9. HP: 38/64 MP: 9/9
   136 | D        | Got the Almanac of the Earthen Snowflakes
   263 | D        | Entered arena 5.
   263 | D        | Reached ***** piety under the Shining One
   263 | D        | Found a transporter.
   281 | D        | Entered arena 6.
   281 | D        | Reached ****** piety under the Shining One
   281 | D        | Found a transporter.
   397 | D        | Entered arena 7.
   397 | D        | Noticed a cane toad
   397 | D        | Noticed a komodo dragon
   397 | D        | Noticed a komodo dragon
   399 | D        | Found a transporter.
   403 | D        | Killed a komodo dragon
   408 | D        | Killed a komodo dragon
   408 | D        | Reached skill level 10 in Shields
   408 | D        | Killed a cane toad
   415 | D        | Entered arena 8.
   415 | D        | Noticed an efreet
   415 | D        | Noticed an efreet
   416 | D        | Found the +12 Vampire's Tooth {vamp}
   423 | D        | The Shining One protects you from harm!
   424 | D        | HP: 2/65 [efreet/fireball (20)]
   430 | D        | The Shining One protects you from harm!
   431 | D        | Found a transporter.
   433 | D        | Killed from afar by an efreet

Illustrated notes

Levels and vault maps discovered:
D:        sprint_v [room_start, room_1, room_2, room_3, room_4, room_5, room_6,
          room_7, room_8, room_9, room_10, room_11, room_12, room_13, room_14,
          room_15, room_16, room_17, room_18, room_19, room_20, room_21,
          room_22, room_23, room_24, room_25, room_26, room_27]

Skill      XL: |  1  2  3  4  5  6  7  8  9 |
---------------+----------------------------+-----
Fighting       | 4 5 7 9 10 11 | 11.9
Dodging        | 3 4 6 7 |  7.4
Long Blades    | 1 2 5 6 7 8 |  8.7
Maces & Flails | 5 6 8 9 |  9.8
Stealth        | 3 4 5 |  5.6
Shields        | 1 2 4 5 7 10 | 10.5
Armour         | 1 3 |  3.4
Invocations    | 4 |  4.1
Evocations     | |  0.4

Action                   |  1- 3 |  4- 6 |  7- 9 || total
-------------------------+-------+-------+-------++-------
Melee: Double sword      |     6 |     3 |    14 ||    23
Invok: Divine Shield     |       |       |     1 ||     1
Evoke: Box of beasts     |       |       |     3 ||     3
Armor: Plate armour      |    11 |     4 |    67 ||    82
Dodge: Dodged            |     1 |     1 |     6 ||     8
Block: Kite shield       |    13 |    10 |   120 ||   143
       Rpst.: Double sword |     1 |     1 |     2 ||     4

Table legend: (Time is in decaauts)
 A = Elapsed time spent in this place.
 B = Non-inter-level travel time spent in this place.
 C = Inter-level travel time spent in this place.
 D = Time resting spent in this place.
 E = Time spent auto-exploring this place.
 F = Levels seen in this place.
 G = Mean time per level.
                   A        B        C        D        E       F      G
               +--------+--------+--------+--------+--------+-----+--------+
         Total |    440 |    440 |      0 |    198 |      0 |   1 |  440.0 |
       Dungeon |    440 |    440 |      0 |    198 |      0 |   1 |  440.0 |
               +--------+--------+--------+--------+--------+-----+--------+

Top non-repeatable levels by time:
       D: 440 daAuts
